 Dungeon Crawl Stone Soup version 0.28-a0-687-gb91baff9cc (webtiles) character file.

Game seed: 10246562812564514298

4 ytrimaz the Skirmisher (level 1, 20/20 HPs)
             Began as a Minotaur Berserker on Oct 19, 2021.
             Was a Follower of Trog.
             Quit the game on level 1 of the Dungeon.
             The game lasted 00:02:31 (389 turns).

ytrimaz the Skirmisher (Minotaur Berserker)          Turns: 389, Time: 00:02:32

Health: 20/20      AC:  2    Str: 21    XL:     1   Next: 50%
Magic:  0/0        EV: 12    Int:  4    God:    Trog [*.....]
Gold:   0          SH:  0    Dex:  9    Spells: 0/0 levels left

rFire   . . .      SeeInvis .   a - +0 hand axe
rCold   . . .      Faith    .   (no shield)
rNeg    . . .      Spirit   .   b - +0 animal skin
rPois   .          Reflect  .   (helmet restricted)
rElec   .          Harm     .   (no cloak)
rCorr   .          Rampage  .   (no gloves)
Will    .....                   (no boots)
Stlth   +.........              (no amulet)
HPRegen 0.06/turn               (no ring)
MPRegen 0.07/turn               (no ring)

@: no status effects
A: horns 2, retaliatory headbutt
a: Renounce Religion, Berserk


You were on level 1 of the Dungeon.
You worshipped Trog.
Trog was aware of your devotion.
You visited 1 branch of the dungeon, and saw 1 of its levels.

Inventory:

Hand Weapons
 a - a +0 hand axe (weapon)
Missiles
 c - 18 arrows
Armour
 b - a +0 animal skin (worn)
 d - a +0 robe


   Skills:
 * Level 3.8 Fighting
 + Level 3.7 Axes
 + Level 2.4 Armour
 - Level 2.1 Dodging


You couldn't memorise any spells.
You didn't know any spells.
Your spell library was empty.

Dungeon Overview and Level Annotations

Branches:
Dungeon (1/15)

Altars:


Innate Abilities, Weirdness & Mutations

You have a pair of horns on your head.
You reflexively headbutt those who attack you in melee.


Message History

You barely miss the endoplasm.
The endoplasm is almost dead.
The endoplasm misses you.
The endoplasm hits you but does no damage.
You hit the endoplasm.
You kill the endoplasm!
Trog accepts your kill.
Found a stone staircase leading down.
Found 18 arrows.
You see here 18 arrows.
You see here 18 arrows.
You see here 18 arrows.
You see here 18 arrows.
Unknown command.
You see here 18 arrows.
Unknown command.
Okay, then.
c - 18 arrows
There is a stone staircase leading down here.
There is a stone staircase leading down here.
There are no items here.
There is a stone staircase leading down here.
There are no items here.
There are no items here.
There are no items here.
There are no items here.
There are no items here.
You see here a quokka skeleton.
There are no items here.
You see here a quokka skeleton.
You see here a quokka skeleton.
There are no objects that can be picked up here. a quokka skeleton You see here a +0 robe.
There are no items here.
You see here a +0 robe.
You see here a +0 robe.
d - a +0 robe
Found 9 gold pieces.
Are you sure you want to abandon this character and quit the game? (Confirm with "yes".)

....##....##.................#
....##....##...........!.....#
.............................#
####........÷.....###........#
...#.........................#
...#..................##.#####
...#....>.............#...#
...#........##..$.........#
...#....#.......@..###.....
........................>...
................♣♣♣♣♣♣♣♣.
.....####.....#♣♣ .....#
#...$♣ .....# .... ...$.# ...
##..## .. ....


There were no monsters in sight!

Vanquished Creatures
  An endoplasm (D:1)
  2 quokkas (D:1)
3 creatures vanquished.

Notes
Turn   | Place    | Note
-------+----------+-------------------------------------------
     0 | D:1      | ytrimaz the Minotaur Berserker began the quest for the Orb.
     0 | D:1      | Reached XP level 1. HP: 19/19 MP: 0/0
   389 | D:1      | Quit the game

Illustrated notes

Levels and vault maps discovered:
D:1:      wander_arrival_peaceful_grave, layout_basic, serial_forest,
          infiniplex_forest_clump_long, infiniplex_forest_lined_ring,
          infiniplex_forest_straight_2, infiniplex_forest_lined_room_3,
          shapermc_ecumenical_altar_totnotflames

Action                   || total
-------------------------++-------
Melee: Hand axe          ||    10
       Headbutt          ||     1
Armor: Animal skin       ||     2
Dodge: Dodged            ||     5

Table legend: (Time is in decaauts)
 A = Elapsed time spent in this place.
 B = Non-inter-level travel time spent in this place.
 C = Inter-level travel time spent in this place.
 D = Time resting spent in this place.
 E = Time spent auto-exploring this place.
 F = Levels seen in this place.
 G = Mean time per level.
                   A        B        C        D        E       F      G
               +--------+--------+--------+--------+--------+-----+--------+
         Total |    390 |    390 |      0 |    119 |     23 |   1 |  390.0 |
       Dungeon |    390 |    390 |      0 |    119 |     23 |   1 |  390.0 |
               +--------+--------+--------+--------+--------+-----+--------+

Top non-repeatable levels by time:
     D:1: 390 daAuts
